 Dungeon Crawl Stone Soup version 0.29.1-14-g9c671dbff4 (webtiles) character file.

Game seed: 13938045395677746395

72 Thatpatchoflichen the Ducker (level 4, -2/34 HPs)
             Began as a Human Gladiator on Feb 14, 2023.
             Slain by a gnoll
             ... wielding a +0 whip
              (7 damage)
             ... on level 2 of the Dungeon.
             The game lasted 00:04:07 (2195 turns).

Thatpatchoflichen the Ducker (Human Gladiator)      Turns: 2195, Time: 00:04:08

Health: -2/34      AC:  4    Str: 14    XL:     4   Next: 48%
Magic:  4/4        EV: 13    Int:  8    God:
Gold:   49         SH:  0    Dex: 17    Spells: 3/3 levels left

rFire   . . .      SeeInvis .   a - +0 long sword
rCold   . . .      Faith    .   (no shield)
rNeg    . . .      Spirit   .   b - +0 leather armour
rPois   .          Reflect  .   c - +0 helmet
rElec   .          Harm     .   (no cloak)
rCorr   .          Rampage  .   (no gloves)
Will    .....                   (no boots)
Stlth   +.........              (no amulet)
HPRegen 0.11/turn               (no ring)
MPRegen 0.09/turn               (no ring)

@: no status effects
A: no striking features
a: no special abilities


You were on level 2 of the Dungeon.
You visited 1 branch of the dungeon, and saw 2 of its levels.

You collected 49 gold pieces.

Inventory:

Hand Weapons
 a - a +0 long sword (weapon)
Missiles
 d - 3 throwing nets (quivered)
 e - a javelin
Armour
 b - a +0 leather armour (worn)
 c - a +0 helmet (worn)
 j - a +0 scale mail
Jewellery
 i - an amulet of guardian spirit
 m - an amulet of the acrobat
Scrolls
 k - a scroll of amnesia {unknown}
 l - a scroll of magic mapping {unknown}
 n - a scroll of fear {unknown}
 p - a scroll of poison {unknown}
Potions
 f - 3 potions of might {unknown}
 g - a potion of heal wounds {unknown}
 h - a potion of cancellation {unknown}
 o - a potion of magic {unknown}
 q - a potion of haste {unknown}


   Skills:
 + Level 2.9 Fighting
 + Level 3.7 Long Blades
 - Level 2.0 Throwing
 + Level 3.7 Dodging


You had 3 spell levels left.
You didn't know any spells.
Your spell library contained the following spells:

 Spells                   Type           Power      Damage    Failure   Level
 Necrotise                Necr           0%         1d4       50%         1
 Vampiric Draining        Necr           0%         2d6       86%         3
 Agony                    Necr           0%         N/A       100%        5


Dungeon Overview and Level Annotations

Branches:
Dungeon (2/15)

Altars:

Shops:
D:1 (


Message History

You climb downwards.
There is a stone staircase leading up, spattered with blood here.
You see here 3 stones.
A bat comes into view.
The gnoll shouts!
The bat misses you. The bat hits you but does no damage.
The bat barely misses you.
You miss the bat. The bat hits you but does no damage.
The bat closely misses you. The bat hits you but does no damage.
You barely miss the bat. The bat closely misses you.
You hit the gnoll.
The gnoll is moderately wounded.
The bat misses you. The bat hits you but does no damage.
The gnoll hits you but does no damage.
You closely miss the gnoll.
The gnoll is moderately wounded.
The bat closely misses you. x2; The gnoll hits you with a +0 whip.
You hit the gnoll.
The gnoll is heavily wounded.
The bat hits you. The gnoll hits you with a +0 whip!
The bat hits you but does no damage.
You hit the gnoll but do no damage.
The gnoll is heavily wounded.
The bat hits you. The gnoll misses you. The gnoll barely misses you.
You hit the gnoll but do no damage.
The gnoll is heavily wounded.
The bat closely misses you. The gnoll hits you with a +0 whip.
You barely miss the gnoll.
The gnoll is heavily wounded.
The bat barely misses you. The bat hits you but does no damage.
The gnoll hits you with a +0 whip!
* * * LOW HITPOINT WARNING * * *
You hit the gnoll but do no damage.
The gnoll is moderately wounded.
The bat barely misses you. The gnoll completely misses you.
You hit the gnoll but do no damage.
The gnoll is moderately wounded.
The bat misses you. The bat closely misses you.
The gnoll hits you with a +0 whip!
You die...

## .#........# ##
########.#........# .#
#........#........#. .#
#........#..........
.## #.......##........#
..###.......####.######
#...........# #.#
###.........####g#
.##.#.......#..b@#
..........#...####
#####
.######.....#######
###...# ##
##.....#....####...#.#
# #####......#..g.##..#
# ###......#####.##
#### #....### ##.# ...#
#....# #..# ...#####
#....# ###.##


You could see a gnoll and a bat.

Vanquished Creatures
  2 gnolls (D:2)
  An adder (D:2)
  A worm (D:2)
  A dart slug (D:1)
  3 bats (D:1)
  2 endoplasms (D:1)
  2 giant cockroaches (D:1)
  4 goblins
  4 hobgoblins (D:1)
  2 kobolds (D:1)
  3 quokkas
  3 ball pythons
  3 frilled lizards
  5 rats (D:1)
36 creatures vanquished.

Vanquished Creatures (others)
  A demonic plant (D:1)
  6 fungi (D:1)
  5 plants (D:1)
  2 withered plants (D:1)
14 creatures vanquished.

Grand Total: 50 creatures vanquished

Notes
Turn   | Place    | Note
-------+----------+-------------------------------------------
     0 | D:1      | Thatpatchoflichen the Human Gladiator began the quest for
                  | the Orb.
     0 | D:1      | Reached XP level 1. HP: 16/16 MP: 1/1
   239 | D:1      | Reached XP level 2. HP: 10/22 MP: 2/2
   672 | D:1      | Found a faded altar of an unknown god.
   749 | D:1      | Found Lediel's Antique Weapon Emporium.
   764 | D:1      | Reached XP level 3. HP: 26/28 MP: 3/3
  1891 | D:2      | Reached XP level 4. HP: 34/34 MP: 4/4
  2195 | D:2      | Slain by a gnoll

Illustrated notes

Levels and vault maps discovered:
D:1:      zaba_arrival_water, layout_loops_ring, serial_shops,
          nicolae_shop_overgrown_old_shop, shapermc_ecumenical_altar_gd
D:2:      layout_rooms

Action                   |  1- 3 |  4- 6 || total
-------------------------+-------+-------++-------
Melee: Long sword        |   135 |    26 ||   161
       Punch             |     3 |     1 ||     4
 Stab: Sleeping          |     2 |       ||     2
Armor: Leather armour    |    33 |     8 ||    41
Dodge: Dodged            |    81 |    25 ||   106
